 Dungeon Crawl Stone Soup version bcrawl-1.14.1-2-g116eac945c (webtiles) character file.

Game seed: 16384874410170733749

58444 KristoblXynda the Spry (level 14, -6/85 HPs)
             Began as a Fairy Conjurer on Sept 18, 2019.
             Was an Elder of Vehumet.
             Killed by an exploding ball lightning (25 damage)
             ... created by the player character
             ... on level 11 of the Dungeon.
             The game lasted 00:46:33 (18279 turns).

KristoblXynda the Spry (Fairy Conjurer)            Turns: 18279, Time: 00:46:34

Health: -6/85      AC: 13    Str:  6    XL:     14   Next: 90%
Magic:  25/35      EV: 31    Int: 22    God:    Vehumet [****..]
Gold:   1870       SH: 11    Dex: 15    Spells: 29/44 levels left

rFire    . . .     SeeInvis +   y - staff of conjuration
rCold    + . .     Gourm    .   (shield currently unavailable)
rNeg     . . .     Faith    .   (armour unavailable)
rPois    .         Spirit   .   n - +1 helmet
rElec    .         Reflect  +   r - +0 cloak
rCorr    .         Harm     .   q - +1 pair of gloves
MR       +....                  v - +0 pair of boots (curse)
Stlth    ++........             E - +4 amulet of reflection
HPRegen  0.24/turn              I - ring of see invisible
MPRegen  0.24/turn              P - ring of protection from cold

@: barbed spikes, flying evasively
A: small, magic attunement, unstealthy, unfitting armour, able to fly, AC/SH +7
a: Stop Flying, Renounce Religion


You were on level 11 of the Dungeon.
You worshipped Vehumet.
Vehumet was greatly pleased with you.
You were very hungry.

You visited 3 branches of the dungeon, and saw 18 of its levels.

You collected 1870 gold pieces.

Inventory:

Hand Weapons
 K - the +7 whip of Bread {chaos, +Blink MR+ SInv}
   (You took it off a big kobold on level 9 of the Dungeon)

   Each time it hits an enemy it has a different, random effect.
   It affects your resistance to hostile enchantments.
   It lets you see invisible.
   It lets you blink.
Missiles
 L - a throwing net (quivered) {!f}
Armour
 n - a +1 helmet (worn)
 q - a +1 pair of gloves (worn)
 r - a +0 cloak (worn)
 v - a cursed +0 pair of boots (worn)
Magical Staves
 y - an uncursed staff of conjuration (weapon)
Jewellery
 d - a +2 ring of intelligence
 e - an uncursed ring of positive energy
 E - a +4 amulet of reflection (around neck)
 F - a +1 ring of evasion
 I - a ring of see invisible (left hand)
 M - an uncursed amulet of magic regeneration
 N - an uncursed ring of resist corrosion
 P - a ring of protection from cold (right hand)
Wands
 A - a wand of digging (6)
 G - a wand of iceblast (13)
 J - a wand of disintegration (12)
Scrolls
 k - 5 scrolls of teleportation
 o - 2 scrolls of enchant armour
 s - 4 scrolls of amnesia
 B - 2 scrolls of immolation
 D - 3 scrolls of remove curse
 H - 2 scrolls of fog
 O - a scroll of magic mapping
Potions
 a - a potion of haste
 c - 5 potions of mutation
 f - 2 potions of agility
 g - 10 potions of curing
 h - 5 potions of invisibility
 i - 3 potions of heal wounds
 j - 3 potions of resistance
 l - 2 potions of lignification
 m - 2 potions of magic
 p - a potion of brilliance
 t - 2 potions of flight
 u - 2 potions of cancellation
 x - a potion of ambrosia
 z - a potion of might
Miscellaneous
 C - a lightning rod (4/4)
Comestibles
 b - 31 rations {!d}


   Skills:
 - Level 4.2 Fighting
 - Level 1.0 Staves
 + Level 16.8 Dodging
 - Level 6.0 Stealth
 + Level 15.5 Spellcasting
 + Level 16.0 Conjurations
 + Level 0.8 Ice Magic
 + Level 0.6 Air Magic
 + Level 7.6 Evocations


You had 29 spell levels left.
You knew the following spells:

 Your Spells              Type           Power        Failure   Level  Hunger
b - Iskenderun's Mystic   Conj           #######.     0%          3    None
d - Conjure Ball Lightni  Conj/Air       ######....   4%          6    None
e - Bolt of Cold          Conj/Ice       ######....   4%          6    None

Your spell library contained the following spells:

 Spells                   Type           Power        Failure   Level  Hunger
 Magic Dart               Conj           ####         0%          1    None
 Searing Ray              Conj           ######       0%          2    None
 Freeze                   Ice            ###...       1%          1    None
 Sting                    Conj/Pois      ####         1%          1    None
 Throw Frost              Conj/Ice       ######       1%          2    None
 Fulminant Prism          Conj/Hex       ######....   1%          4    None
 Throw Icicle             Conj/Ice       ######..     1%          4    None
 Irradiate                Conj/Tmut      ######....   1%          5    None
 Venom Bolt               Conj/Pois      ######....   1%          5    None
 Ignite Poison            Fire/Tmut/Pois ###.....     3%          3    None
 Poisonous Vapours        Pois/Air       ###...       4%          2    None
 Ozocubu's Armour         Chrm/Ice       ###.....     9%          3    None
 Olgreb's Toxic Radiance  Pois           ###.....     10%         4    None
 Ice Form                 Ice/Tmut       ###.....     28%         4    None
 Summon Ice Beast         Ice/Summ       ###.....     28%         4    None
 Summon Scorpions         Summ/Pois      ###.....     34%         4    None
 Metabolic Englaciation   Hex/Ice        ###.......   63%         5    None
 Ozocubu's Refrigeration  Ice            ###.......   65%         6    None
 Freezing Cloud           Ice/Air        ###.......   98%         6    None
 Simulacrum               Ice/Necr       ###.......   99%         6    None


Dungeon Overview and Level Annotations

Branches:
Dungeon (11/12)            Temple (1/1) D:4            Lair (6/6) D:9
 Shoals (0/3) Lair:3        Snake (0/3) Lair:3        Slime (0/5) Lair:5
    Orc (0/1) D:10         Vaults (0/3) D:11

Altars:
Ashenzari
Cheibriados
Dithmenos
Elyvilon
Fedhas
Gozag
Hepliaklqana
Kikubaaqudgha
Lugonu
Makhleb
Nemelex Xobeh
Okawaru
Qazlal
Ru
Sif Muna
Trog
Uskayaw
Vehumet
Wu Jian
Xom
Yredelemnul
Zin
The Shining One
Jiyva

Shops:
D:10 (

Annotations:
D:5 2 transporters, petermcneter's ghost, novice SDSk


Innate Abilities, Weirdness & Mutations

Your spells do not cause hunger and MP costs are reduced by 1.
Your bright wings attract enemies. (Stealth-)
You cannot fit into any form of body armour.
Your shimmering scales are hard and can block incoming attacks. (AC +7, SH +7)
You are small and have problems with some larger weapons.
You can fly continuously.


Message History

The centaur warrior zombie is lightly damaged.
Your ball lightning explodes!
The blast of lightning engulfs the centaur warrior zombie.
The centaur warrior zombie is moderately damaged.
The blast of lightning engulfs you!
* * * LOW HITPOINT WARNING * * *
The blast of lightning engulfs your ball lightning.
Your ball lightning completely resists.
You hear an angry buzzing noise.
You hear a shout!
You hear a croak.
You hear an angry hiss.
You hear a bellow! x2
You hear an angry buzzing noise.
Unknown command.
The barbed spikes dig painfully into your body as you move.
* * * LOW HITPOINT WARNING * * *
The ironheart preserver seems to regain its courage.
Your ball lightning explodes!
The blast of lightning engulfs the centaur warrior zombie.
The centaur warrior zombie is heavily damaged.
The blast of lightning engulfs you!
You die...

. .... ...
######$p#######
.....'..'..H..#
....['..'....!#
#(.#.....#
#..#.....#
#.Z#....∩#
###..#######
#....@...#
#........#
#.<......#
#........#
#........#
#........#
..........#
###........#
..#.######


You could see an ironheart preserver and a centaur warrior zombie.

Vanquished Creatures
  Rupert (Lair:3)
  Fannar (D:10)
  6 hydras
  Harold (D:10)
  2 catoblepae
  A merfolk avatar (Lair:6)
  An anaconda (Lair:5)
  An alligator (Lair:4)
  3 two-headed ogres
  5 death yaks (Lair:6)
  The ghost of lis82 the Thaumaturge, a novice AvWz of Sif Muna (D:9)
  A sea snake (Lair:6)
  A cyclops (D:8)
  5 lindwurms
  A necromancer (Lair:4)
  A harpy (Lair:6)
  An ugly thing (D:10)
  3 manticores (Lair:6)
  An elephant (Lair:6)
  3 black mambas
  12 cane toads
  14 komodo dragons
  3 rime drakes
  2 kobold demonologists (D:9)
  7 polar bears
  2 trolls
  A hornet (Lair:6)
  Prince Ribbit (D:7)
  A snapping turtle (Lair:3)
  13 blink frogs
  10 hippogriffs
  Sigmund (D:5)
  2 vampires
  A wraith (D:10)
  36 yaks
  5 humans
  8 wyverns
  4 hogs (D:8)
  A hungry ghost (D:10)
  5 vampire mosquitoes
  A steam dragon (D:7)
  Edmund (D:4)
  Menkaure (D:4)
  3 nagas (Lair:3)
  2 wargs (Lair:3)
  6 water moccasins
  12 porcupines
  2 sky beasts
  5 orc warriors
  An ice beast (D:6)
  A hornet zombie (D:6)
  4 ogres
  A necrophage (D:7)
  4 phantoms
  8 wolves (Lair:3)
  4 centaurs
  11 crocodiles
  10 big kobolds (D:9)
  9 bullfrogs
  A wyvern zombie (D:8)
  A wyvern skeleton (D:8)
  6 scorpions
  3 wights (D:8)
  5 killer bees
  5 howler monkeys
  4 electric eels
  6 crimson imps
  2 centaur zombies
  11 hounds
  2 orc priests (D:10)
  2 jellies
  3 centaur skeletons
  An iguana (D:10)
  Crazy Yiuf (D:3)
  Terence (D:3)
  5 worker ants
  7 orc wizards
  4 polar bear simulacra (Lair:4)
  Natasha (thrice) (D:4)
  4 yak simulacra (Lair:4)
  A wolf simulacrum (Lair:4)
  2 hound zombies
  3 hound skeletons
  Robin (D:2)
  4 gnolls (D:5)
  10 adders
  3 shadow imps
  4 oozes
  An adder zombie (D:5)
  2 adder skeletons
  4 worms
  2 dart slugs (D:2)
  A leopard gecko (D:3)
  19 orcs
  A ball python (D:2)
  5 bats
  7 giant cockroaches
  8 goblins
  10 hobgoblins
  13 jackals
  11 kobolds
  11 quokkas
  14 frilled lizards
  2 quokka skeletons (D:4)
  10 rats
  2 river rat simulacra (Lair:4)
  5 plants (Lair:6)
488 creatures vanquished.

Vanquished Creatures (others)
  2 ball lightnings (D:11)
  9 fungi
  35 plants
46 creatures vanquished.

Grand Total: 534 creatures vanquished

Notes
Turn   | Place    | Note
-------+----------+-------------------------------------------
     0 | D:1      | KristoblXynda the Fairy Conjurer began the quest for the
                  | Orb.
     0 | D:1      | Reached XP level 1. HP: 11/11 MP: 6/6
     2 | D:1      | Found a runed door.
   424 | D:1      | Reached skill level 5 in Conjurations
   424 | D:1      | Reached XP level 2. HP: 17/17 MP: 7/7
   964 | D:1      | Reached XP level 3. HP: 16/21 MP: 9/9
  1050 | D:1      | Learned a level 3 spell: Iskenderun's Mystic Blast
  1350 | D:2      | Reached XP level 4. HP: 27/27 MP: 11/11
  1558 | D:2      | Noticed Robin
  1578 | D:2      | Killed Robin
  1578 | D:2      | Reached skill level 1 in Fighting
  2108 | D:3      | Reached XP level 5. HP: 33/33 MP: 12/12
  2172 | D:3      | Noticed Terence
  2178 | D:3      | Killed Terence
  2181 | D:3      | Reached skill level 5 in Dodging
  2181 | D:3      | Reached XP level 6. HP: 35/39 MP: 2/14
  2486 | D:3      | Found a runed door.
  2696 | D:3      | Noticed Crazy Yiuf
  2698 | D:3      | Killed Crazy Yiuf
  2789 | D:4      | Noticed Menkaure
  2796 | D:4      | Killed Menkaure
  2796 | D:4      | Reached XP level 7. HP: 45/45 MP: 6/16
  2897 | D:4      | Reached skill level 5 in Spellcasting
  3069 | D:4      | Noticed Natasha
  3074 | D:4      | Killed Natasha
  3194 | D:4      | Found a staircase to the Ecumenical Temple.
  3208 | D:4      | Noticed Edmund
  3221 | D:4      | Killed Edmund
  3221 | D:4      | Reached XP level 8. HP: 28/52 MP: 0/18
  3367 | Temple   | Entered the Ecumenical Temple
  3374 | Temple   | Became a worshipper of Vehumet
  3564 | D:4      | Noticed Natasha
  3568 | D:4      | Killed Natasha
  3693 | D:4      | Noticed Natasha
  3698 | D:4      | Killed Natasha
  3942 | D:5      | Entered Level 5 of the Dungeon
  3949 | D:5      | Noticed a yak
  3950 | D:5      | Noticed a yak
  3950 | D:5      | Noticed a yak
  3952 | D:5      | Noticed a yak
  3957 | D:5      | Noticed Sigmund
  3962 | D:5      | Killed Sigmund
  4230 | D:5      | Found a transporter.
  4230 | D:5      | Noticed petermcneter's ghost (novice SDSk)
  4267 | D:5      | Found a transporter.
  4315 | D:5      | Reached * piety under Vehumet
  4315 | D:5      | Offered knowledge of Flame Tongue by Vehumet.
  4416 | D:5      | Reached XP level 9. HP: 52/58 MP: 15/21
  5131 | D:6      | Noticed a troll
  5137 | D:6      | Killed a troll
  5330 | D:6      | Offered knowledge of Sting by Vehumet.
  5355 | D:6      | Reached XP level 10. HP: 64/64 MP: 17/24
  5360 | D:6      | Reached ** piety under Vehumet
  5366 | D:6      | Reached skill level 10 in Conjurations
  5367 | D:6      | Noticed a two-headed ogre
  5378 | D:6      | Killed a two-headed ogre
  5378 | D:6      | Reached skill level 10 in Dodging
  6071 | D:7      | Reached skill level 5 in Stealth
  6114 | D:7      | Found a white marble altar of Elyvilon.
  6115 | D:7      | Found a bloodstained altar of Trog.
  6907 | D:7      | Noticed Prince Ribbit
  6912 | D:7      | Killed Prince Ribbit
  7294 | D:8      | Offered knowledge of Conjure Flame by Vehumet.
  7454 | D:8      | Reached skill level 10 in Spellcasting
  7480 | D:8      | Reached XP level 11. HP: 69/69 MP: 22/27
  8136 | D:8      | Reached *** piety under Vehumet
  8248 | D:8      | Noticed a cyclops
  8266 | D:8      | Killed a cyclops
  8674 | D:9      | Reached skill level 1 in Staves
  8955 | D:9      | Found a runed translucent gate.
  8955 | D:9      | Found a runed translucent gate.
  8955 | D:9      | Found a runed translucent gate.
  8957 | D:9      | Identified the +7 whip of Bread {chaos, +Blink MR+ SInv}
  8958 | D:9      | Noticed lis82's ghost (novice AvWz)
  9114 | D:9      | Found a staircase to the Lair.
  9118 | D:9      | Offered knowledge of Inner Flame by Vehumet.
  9297 | D:10     | Entered Level 10 of the Dungeon
  9364 | D:10     | Noticed a four-headed hydra
  9408 | Lair:1   | Entered Level 1 of the Lair of Beasts
  9705 | Lair:1   | Reached **** piety under Vehumet
  9772 | Lair:1   | Offered knowledge of Lightning Bolt by Vehumet.
  9772 | Lair:1   | Reached XP level 12. HP: 35/74 MP: 17/29
 10724 | Lair:2   | Learned a level 5 spell: Lightning Bolt
 11574 | Lair:3   | Found an ancient bone altar of Kikubaaqudgha.
 11855 | Lair:3   | Noticed Rupert
 11864 | Lair:3   | Killed Rupert
 12040 | Lair:3   | Found a staircase to the Snake Pit.
 12286 | Lair:3   | Reached XP level 13. HP: 79/79 MP: 29/32
 12545 | Lair:3   | Found a staircase to the Shoals.
 12887 | Lair:4   | Reached ***** piety under Vehumet
 12887 | Lair:4   | Offered knowledge of Bolt of Magma by Vehumet.
 13038 | Lair:4   | Found a glowing silver altar of Zin.
 13154 | Lair:4   | Reached skill level 1 in Evocations
 13223 | Lair:4   | Reached skill level 15 in Dodging
 14431 | Lair:5   | Found a staircase to the Slime Pits.
 14431 | Lair:5   | Found a viscous altar of Jiyva.
 14858 | Lair:6   | Entered Level 6 of the Lair of Beasts
 14881 | Lair:6   | Reached skill level 15 in Conjurations
 14898 | Lair:6   | Reached skill level 5 in Evocations
 14898 | Lair:6   | Reached XP level 14. HP: 56/85 MP: 23/34
 15505 | Lair:6   | Found a dark tunnel.
 15533 | Lair:6   | Offered knowledge of Conjure Ball Lightning by Vehumet.
 15847 | Lair:6   | Reached skill level 15 in Spellcasting
 16724 | D:9      | Killed lis82's ghost
 17002 | D:10     | Learned a level 6 spell: Conjure Ball Lightning
 17067 | D:10     | Noticed Harold
 17077 | D:10     | Killed Harold
 17455 | D:10     | Found a staircase to the Orcish Mines.
 17460 | D:10     | Found Eliry's Weapon Shoppe.
 17584 | D:10     | Noticed Fannar
 17599 | D:10     | Killed Fannar
 17611 | D:10     | Learned a level 6 spell: Bolt of Cold
 18266 | D:11     | Found a gate to the Vaults.
 18266 | D:11     | Noticed an ironheart preserver
 18279 | D:11     | Killed by an exploding ball lightning

Skill      XL: |  1  2  3  4  5  6  7  8  9 10 11 12 13 14 |
---------------+-------------------------------------------+-----
Dodging        | 3 4 5 6 7 9 11 12 14 15 16 | 16.8
Conjurations   | 5 6 7 8 9 10 12 13 15 16 | 16.0
Spellcasting   | 3 4 5 7 8 10 11 13 14 15 | 15.5
Fighting       | 1 2 3 4 |  4.2
Stealth        | 2 4 5 6 |  6.0
Staves         | 1 |  1.0
Evocations     | 5 7 |  7.6
Ice Magic      | |  0.8
Air Magic      | |  0.6

Action                   |  1- 3 |  4- 6 |  7- 9 | 10-12 | 13-15 || total
-------------------------+-------+-------+-------+-------+-------++-------
Melee: Dagger            |       |    21 |    91 |    17 |       ||   129
       Staff             |       |       |       |     4 |    43 ||    47
 Cast: Magic Dart        |    72 |    94 |     6 |       |       ||   172
       Iskenderun's Myst |       |    19 |   119 |   308 |   271 ||   717
       Lightning Bolt    |       |       |       |     6 |    61 ||    67
       Bolt of Cold      |       |       |       |       |     5 ||     5
       Conjure Ball Ligh |       |       |       |       |     1 ||     1
  Use: Scroll            |       |       |    13 |    15 |    13 ||    41
       Potion            |       |       |       |     1 |     1 ||     2
  Eat: Chunk             |     1 |     5 |     7 |    21 |     7 ||    41
       Ration            |       |       |       |       |     3 ||     3
Armor: Skin              |     5 |     9 |    21 |     5 |    16 ||    56
Dodge: Dodged            |    19 |    33 |    94 |    63 |   180 ||   389
Block: Other             |     4 |     7 |    34 |    27 |    99 ||   171
       Reflection        |       |       |       |       |     6 ||     6
